 Dungeon Crawl Stone Soup version 0.27.0-1-g7a089689b8 (webtiles) character file.

Game seed: 1174385119855346283

376 ABBCCCDDDD the Shield-Bearer (level 7, 0/55 HPs)
             Began as a Formicid Fighter on Aug 17, 2021.
             Slain by an ogre (23 damage)
             ... on level 4 of the Dungeon.
             The game lasted 00:02:57 (2527 turns).

ABBCCCDDDD the Shield-Bearer (Formicid Fighter)     Turns: 2527, Time: 00:02:57

Health: 0/55       AC:  8    Str: 23    XL:     7   Next: 3%
Magic:  7/7        EV:  8    Int:  7    God:
Gold:   153        SH: 10    Dex: 10    Spells: 6/6 levels left

rFire    . . .     SeeInvis +   a - +0 war axe
rCold    . . .     Faith    .   c - +0 kite shield
rNeg     . . .     Spirit   .   b - +0 scale mail
rPois    .         Reflect  .   (helmet unavailable)
rElec    .         Harm     .   r - +0 cloak
rCorr    .         Rampage  .   (no gloves)
Will     .....                  (no boots)
Stlth    ..........             q - amulet of regeneration
HPRegen  1.18/turn              (no ring)
MPRegen  0.10/turn              (no ring)

@: no status effects
A: permanent stasis, dig shafts and tunnels, antennae 3, four strong arms
a: Dig, Shaft Self


You were on level 4 of the Dungeon.
You visited 1 branch of the dungeon, and saw 4 of its levels.

You collected 153 gold pieces.

Inventory:

Hand Weapons
 a - a +0 war axe (weapon)
Missiles
 o - 12 poisoned darts
Armour
 b - a +0 scale mail (worn)
 c - a +0 kite shield (worn)
 l - a +0 tower shield
 r - a +0 cloak (worn)
Jewellery
 q - an amulet of regeneration (around neck)
Wands
 s - a wand of paralysis (12)
 v - a wand of iceblast (13)
Scrolls
 f - 2 scrolls of teleportation {unknown}
 h - 4 scrolls of identify {unknown}
 i - a scroll of blinking {unknown}
 m - 2 scrolls of enchant armour {unknown}
 t - a scroll of noise {unknown}
 u - a scroll of magic mapping {unknown}
 w - a scroll of fear {unknown}
Potions
 d - a potion of might
 e - a potion of mutation {unknown}
 g - 2 potions of curing {unknown}
 j - a potion of lignification {unknown}
 k - a potion of flight {unknown}
 n - a potion of brilliance {unknown}
 p - a potion of ambrosia {unknown}
 x - 2 potions of attraction {unknown}


   Skills:
 + Level 4.6 Fighting
 * Level 4.5 Axes
 + Level 4.6 Armour
 + Level 5.0 Shields


You had 6 spell levels left.
You didn't know any spells.
Your spell library contained the following spells:

 Spells                   Type           Power      Damage    Failure   Level
 Sandblast                Erth           0%         2d4       95%         1
 Passwall                 Tmut/Erth      0%         N/A       99%         2
 Petrify                  Tmut/Erth      0%         N/A       100%        4
 Lee's Rapid Deconstruct  Erth           0%         3d5*      100%        5
 Lehudib's Crystal Spear  Conj/Erth      0%         10d2      100%        8


Dungeon Overview and Level Annotations

Branches:
Dungeon (4/15)
 Temple: D:4-7

Altars:
Gozag

Shops:
D:4 =


Innate Abilities, Weirdness & Mutations

You cannot be hasted, slowed, berserked, paralysed or teleported.
You can dig through walls and to a lower floor.
You have a pair of large antennae on your head. (SInv)
Your four strong arms can wield two-handed weapons with a shield.


Message History

The quokka bites you.
You hit the quokka.
The quokka is heavily wounded.
The quokka barely misses you. You block the quokka's attack.
You slash the quokka!
You kill the quokka!
No target in view!
No target in view!
No target in view!
You see here a quokka corpse.
You see here a +0 giant spiked club.
You see here a +0 trident.
You sense a monster nearby.
You open the door.
The adder hisses angrily.
The adder disappears!
The ogre disappears!
The ogre reappears nearby!
An ogre comes into view. It is wielding a +0 giant club.
An ogre is nearby!
The ogre shouts!
You hit the ogre.
The ogre is lightly wounded.
You hear a shout! x2
You block the ogre's attack.
The kobold disappears!
You slash the ogre!
The ogre is moderately wounded.
The ogre hits you with a +0 giant club!!
You barely miss the ogre.
The ogre is moderately wounded.
You block the ogre's attack.
You barely miss the ogre.
The ogre is moderately wounded.
You block the ogre's attack.
You hit the ogre.
The ogre is moderately wounded.
The ogre hits you with a +0 giant club.
You completely miss the ogre.
The ogre is moderately wounded.
The ogre hits you with a +0 giant club!
The ogre hits you with a +0 giant club!!
You die...

...#.###.#....# #.#.# #.##.# #
#.##.##.(.###.# #.#.# #.##.# #
#†##.#.....##.# #.#.###.##.# #
#.##..........# #.#........# #
#.####.....#### #.#####.#### #
#)# ##...#######.#####.#########
#.# ##..........(..............
#.##########.....#######.######..
#..<.....# #.###@#{ #.### #.#
########.# #.# #O#{{ #...## #.#
#.# #.# #.# ###..# #.# #.# #.#
#.'....^+?#..# #.# #.# #.#
#.#########..###.# #.# #.# #.#^^^
#.......>. #.# #.# #.# #.#
#.##.##### #.# #.# ..#
#####.##.## #.# #.# ...
......#...####


You could see an ogre.

Levels and vault maps discovered:
D:1:      dpeg_arrival_long_road, layout_basic,
          shapermc_ecumenical_altar_mp_urbaneastern, kennysheep_pointless_box,
          minmay_tromino_i2
D:2:      layout_rooms
D:3:      layout_basic, minmay_misc_feat_ornament, kennysheep_generic_room_13
D:4:      layout_loops_ring, nicolae_gozag_seed_capital, kennysheep_mini_moat,
          serial_shops, nicolae_stop_n_shop_1, grunt_tough_drop

Notes
Turn   | Place    | Note
-------+----------+-------------------------------------------
     0 | D:1      | ABBCCCDDDD the Formicid Fighter began the quest for the
                  | Orb.
     0 | D:1      | Reached XP level 1. HP: 18/18 MP: 1/1
   123 | D:1      | Reached XP level 2. HP: 24/24 MP: 2/2
   260 | D:1      | Found a faded altar of an unknown god.
   807 | D:1      | Reached XP level 3. HP: 27/29 MP: 3/3
  1220 | D:2      | Reached skill level 4 in Shields
  1783 | D:3      | Reached XP level 4. HP: 31/37 MP: 4/4
  1797 | D:3      | Got the Grimoire of the Mountains
  1844 | D:3      | Noticed a steam dragon
  1857 | D:4      | Found Ytryur's Jewellery Emporium.
  1857 | D:4      | Noticed an ogre
  1869 | D:4      | Killed an ogre
  1870 | D:4      | Reached XP level 5. HP: 42/42 MP: 5/5
  1886 | D:4      | Noticed an ogre
  1891 | D:4      | Killed an ogre
  1892 | D:4      | Reached XP level 6. HP: 29/49 MP: 6/6
  2156 | D:4      | Noticed an ogre
  2188 | D:4      | Killed an ogre
  2189 | D:4      | Reached skill level 5 in Shields
  2321 | D:4      | Found an opulent altar of Gozag.
  2439 | D:4      | Reached XP level 7. HP: 49/55 MP: 7/7
  2527 | D:4      | Slain by an ogre

Table legend: (Time is in decaauts)
 A = Elapsed time spent in this place.
 B = Non-inter-level travel time spent in this place.
 C = Inter-level travel time spent in this place.
 D = Time resting spent in this place.
 E = Time spent auto-exploring this place.
 F = Levels seen in this place.
 G = Mean time per level.
                   A        B        C        D        E       F      G
               +--------+--------+--------+--------+--------+-----+--------+
         Total |   2626 |   2508 |    118 |    461 |   1512 |   4 |  656.5 |
       Dungeon |   2626 |   2508 |    118 |    461 |   1512 |   4 |  656.5 |
               +--------+--------+--------+--------+--------+-----+--------+

Top non-repeatable levels by time:
     D:1: 918 daAuts
     D:2: 841 daAuts
     D:4: 706 daAuts
     D:3: 160 daAuts

Table legend:
 A = Kills in this place as a percentage of kills in entire the game.
 B = Kills by you in this place as a percentage of kills by you in the entire game.
 C = Kills by friends in this place as a percentage of kills by friends in the entire game.
 D = Other kills in this place as a percentage of other kills in the entire game.
 E = Experience gained in this place as a percentage of experience gained in the entire game.
 F = Experience gained in this place divided by the number of levels of this place that you have seen.
                   A       B       C       D       E      F
               +-------+-------+-------+-------+-------+----------------------
         Total | 100.0 | 100.0 |   N/A |   N/A | 100.0 | 134.5
       Dungeon | 100.0 | 100.0 |   N/A |   N/A | 100.0 | 134.5
               +-------+-------+-------+-------+-------+----------------------

Action                   |  1- 3 |  4- 6 |  7- 9 || total
-------------------------+-------+-------+-------++-------
Melee: War axe           |   108 |    80 |    14 ||   202
  Use: Potion            |       |     1 |       ||     1
Armor: Scale mail        |    43 |    39 |       ||    82
Dodge: Dodged            |    42 |    33 |     2 ||    77
Block: Kite shield       |    45 |    41 |     6 ||    92

Vanquished Creatures
  3 ogres (D:4)
  2 orc wizards
  3 adder skeletons (D:4)
  2 worms
  A dart slug (D:1)
  6 orcs
  4 bats
  4 endoplasms
  3 giant cockroaches
  4 goblins
  4 hobgoblins
  11 jackals
  2 quokkas
  4 ball pythons
  3 kobolds
  5 rats
61 creatures vanquished.

Vanquished Creatures (others)
  A plant (D:1)
1 creature vanquished.

Grand Total: 62 creatures vanquished
